 Dungeon Crawl Stone Soup version 0.13.0-21-ge43020b (webtiles) character file.

71120 JacquesDerrida the Marksoctopus (level 15, -7/93 HPs)
             Began as an Octopode Hunter on Oct 25, 2013.
             Was a High Priest of Okawaru.
             Mangled by an unseen horror (9 damage)
             ... on Level 15 of the Dungeon on Oct 27, 2013.
             The game lasted 02:08:55 (23310 turns).

JacquesDerrida the Marksoctopus (Octopode Hunter)  Turns: 23310, Time: 02:08:55

HP  -7/93        AC  2     Str 15      XL: 15   Next: 28%
MP  36/37        EV 22     Int 22      God: Okawaru [*****.]
Gold 2131        SH  0     Dex 13      Spells:  1 memorised, 26 levels left

Res.Fire  : . . .   See Invis. : .   b - +8,+4 longbow "Innit" {flame, rF+ Stlth++}
Res.Cold  : + . .   Warding    : .   (no shield)
Life Prot.: + . .   Conserve   : .   o - +1 wizard hat {Int+3}
Res.Poison: .       Res.Corr.  : .   e - amulet of resist mutation
Res.Elec. : .       Clarity    : .   h - ring of magical power
Sust.Abil.: . .     Spirit.Shd : .   q - +4,+4 ring of slaying
Res.Mut.  : +       Stasis     : .   H - ring of regeneration
Res.Rott. : .       Flight     : .   u - cursed +3 ring of strength
Saprovore : . . .                    B - ring of positive energy {unknown}
                                     w - ring of ice
                                     (no ring)
                                     (no ring)

@: heroism, somewhat resistant to hostile enchantments, extremely stealthy
A: almost no armour, amphibious, 8 rings, constrict 8, camouflage 1,
regeneration 1, AC +1
a: Heroism, Finesse, Renounce Religion


You were on level 15 of the Dungeon.
You worshipped Okawaru.
Okawaru was extremely pleased with you.
You were not hungry.

You visited 4 branches of the dungeon, and saw 28 of its levels.
You also visited: Ice Cave.

You collected 2111 gold pieces.

Inventory:

Hand weapons
 a - a +1,+4 dwarven dagger of electrocution
 b - the +8,+4 longbow "Innit" (weapon) {flame, rF+ Stlth++}
   (You acquired it on level 5 of the Lair of Beasts)

   It turns projectiles fired from it into bolts of flame.
   It protects you from fire.
   It makes you much more stealthy.
 l - a +1 orcish blowgun
Missiles
 c - 205 arrows (quivered)
 g - 2 arrows of flame
 t - 14 arrows of dispersal
 C - 10 poisoned arrows
 F - 7 curare-tipped needles
 J - 41 arrows of frost
Armour
 o - a +1 wizard hat of intelligence (worn)
Magical devices
 d - a wand of disintegration (12)
 i - a wand of fire (8)
 p - a wand of cold (4)
 A - a wand of disintegration (10)
 D - a wand of digging (11)
 O - a wand of teleportation (5) {unknown}
 P - a wand of frost (16)
 S - a wand of fire (5)
Comestibles
 f - 7 bread rations
 Q - 9 cheeses
 R - a meat ration
Scrolls
 j - 4 scrolls of enchant armour {unknown}
 k - 3 scrolls of identify
 v - a scroll of teleportation
 E - a scroll of fear
 G - a scroll of silence
 K - 3 scrolls of remove curse
Jewellery
 e - an amulet of resist mutation (around mantle)
 h - a ring of magical power (left tentacle)
 q - a +4,+4 ring of slaying (right tentacle)
 u - a cursed +3 ring of strength (on tentacle)
 w - a ring of ice (on tentacle)
 y - an uncursed amulet of resist corrosion
 B - a ring of positive energy (on tentacle) {unknown}
 H - a ring of regeneration (on tentacle)
Potions
 m - a potion of invisibility
 r - 2 potions of berserk rage
 s - a potion of might
 x - a potion of heal wounds {unknown}
 I - 3 potions of brilliance
 L - a potion of restore abilities
 N - a potion of magic {unknown}
Miscellaneous
 n - a fan of gales (inert)


   Skills:
 - Level 6.0(11.0) Fighting
 - Level 19.4(24.4) Bows
 - Level 11.4(16.4) Dodging
 - Level 1.3(6.3) Stealth
 - Level 7.1 Spellcasting
 + Level 6.7 Charms
 - Level 6.0 Translocations


You had 26 spell levels left.
You knew the following spells:

 Your Spells              Type           Power        Failure   Level  Hunger
a - Shroud of Golubria    Chrm/Tloc      #####.....   1%          2    None


Dungeon Overview and Level Annotations

Branches:
Dungeon (15/27)            Temple (1/1) D:4             Orc (4/4) D:10
   Lair (8/8) D:11         Shoals (0/5) Lair:6        Snake (0/5) Lair:4
  Slime (0/6) Lair:6
    Elf: Orc:3-4     Vaults: D:15-20

Altars:
Ashenzari
Kikubaaqudgha
Okawaru
Xom
Yredelemnul
Zin

Shops:
D:9 *(}[*   D:12 %   Orc:1 [   Orc:4 *

Portals:
Trove: D:14 (give 6 potions of speed)

Annotations:
D:2 1 exclusion
D:15 exclusion: door
Orc:4 Erica, Nessos
Lair:3 exclusion: oklob plant


Innate Abilities, Weirdness & Mutations

You cannot wear most types of armour.
You are amphibious.
You can wear up to eight rings at the same time.
You can use your tentacles to constrict many enemies at once.
Your skin changes colour to match your surroundings (Stlth).
Your rubbery body absorbs attacks (AC +1).
Your natural rate of healing is unusually fast.


Message History

Okay, then.
Evoke which item? (* to show all) (? for menu, Esc to quit)
A fierce wind blows from the fan.
The winds coalesce and take form.
It barely misses you.
Evoke which item? (* to show all) (? for menu, Esc to quit)
Zapping:
D - a wand of digging (12)
Press: ? - help, Shift-Dir - straight line, f - you The rock shatters into small pieces.
This wand has 11 charges left.
It hits you.
* * * LOW HITPOINT WARNING * * *
It barely misses you.
Your air elemental misses it.
It hits you!
* * * LOW HITPOINT WARNING * * *
An air elemental merges itself into the air.
An air elemental forms itself from the air!
Your air elemental barely misses it.
It hits you!
* * * LOW HITPOINT WARNING * * *
Your air elemental hits it!
It hits you!
You die...

### #.. ###.. #.#.. ##
..##.... #.# ........
#.# ........#.#
........#@# ##
.......##.## .#
........#E## ### .#
........#..#####.## >#
............##....# .##
..............##...#
..#...........#....##.##
........#.....##.......#
..#...........###.....##


You could see a friendly air elemental.

Vanquished Creatures
  A frost giant (IceCv)
  Gastronok (Lair:1)
  A dire elephant (Lair:8)
  A dragon (D:14)
  5 hydras
  A deep troll shaman (Lair:8)
  7 death yaks
  3 centaur warriors
  A catoblepas (Lair:8)
  5 skeletal warriors (D:13)
  An unseen horror (D:13)
  An ice statue (IceCv)
  4 hill giants
  2 griffons
  An orc sorcerer (Orc:2)
  An orc knight (Orc:2)
  6 elephants
  A cyclops (D:14)
  Maurice (D:13)
  2 black mambas
  8 spiny frogs
  A mermaid (Lair:6)
  3 fire drakes
  An iron devil (Orc:2)
  A giant firefly (shapeshifter) (D:14)
  4 komodo dragons
  A troll (Orc:2)
  A hydra zombie (D:15)
  2 two-headed ogres
  Sonja (D:10)
  18 polar bears
  A queen bee (Lair:8)
  A blink frog (Lair:8)
  A trapdoor spider (D:13)
  2 basilisks (Lair:5)
  A griffon zombie (D:15)
  A grizzly bear (Lair:8)
  4 shadows
  6 ugly things (D:14)
  43 yaks
  A hill giant zombie (D:15)
  A hog (D:14)
  An elephant slug (Lair:8)
  2 hungry ghosts
  5 vampire mosquitoes
  4 wyverns
  A harpy simulacrum (D:15)
  6 hippogriffs
  Grum (D:9)
  2 steam dragons
  27 wolves
  10 manticores
  2 soldier ants
  17 orc warriors
  3 necrophages (D:7)
  6 porcupines
  4 giant goldfish (D:6)
  A human (D:14)
  3 sky beasts
  2 deep dwarves (D:15)
  A dragon simulacrum (D:15)
  10 centaurs
  7 human zombies (D:7)
  11 ogres
  A black bear (D:7)
  An ice beast (D:10)
  A phantom (D:7)
  4 big kobolds
  4 crocodiles
  Sigmund (D:7)
  2 boring beetles
  9 water moccasins
  7 wargs (Orc:2)
  A brain worm (D:13)
  3 giant slugs
  A gnoll sergeant (D:9)
  A manticore zombie (D:10)
  15 giant frogs
  A komodo dragon skeleton (D:12)
  A cyclops zombie (D:11)
  8 agate snails
  2 yak zombies
  A rock worm zombie (D:12)
  11 wights
  29 killer bees
  A troll zombie (D:12)
  3 jellies
  A troll skeleton (D:11)
  3 electric eels (D:6)
  4 jellyfish (D:6)
  3 big fish (D:6)
  A centaur zombie (D:7)
  7 crimson imps
  A yaktaur simulacrum (D:15)
  21 orc priests
  2 giant frog zombies
  A black bear zombie (D:7)
  A gnoll shaman (D:9)
  11 hounds
  6 orange rats (Lair:3)
  A giant frog skeleton (D:4)
  22 orc wizards
  8 iguanas
  A two-headed ogre skeleton (D:12)
  A cyclops simulacrum (D:15)
  7 worker ants
  2 scorpions
  5 sheep (Lair:3)
  Ijyb (D:3)
  A hound zombie (D:11)
  5 mummies
  18 adders
  4 giant centipedes
  22 green rats
  2 giant mites
  6 gnolls
  4 worms
  An iguana skeleton (D:5)
  2 giant eyeballs
  8 giant geckos
  137 orcs
  4 giant cockroaches
  20 goblins
  20 hobgoblins
  4 jackals (Lair:5)
  25 kobolds
  5 oozes
  18 quokkas
  5 ball pythons
  A ball python zombie (D:5)
  22 bats
  4 giant newts
  A giant spore (D:15)
  An orc skeleton (D:5)
  A quokka skeleton (D:9)
  23 rats
  A rat skeleton (D:4)
  A rat zombie (D:7)
  2 ballistomycetes
  2 fungi
  2 plants
865 creatures vanquished.

Vanquished Creatures (others)
  3 yaks (IceCv)
  An electric eel (D:6)
  An orc (D:6)
  A giant spore (D:6)
  5 fungi (Lair:8)
  13 plants
  A toadstool (D:2)
25 creatures vanquished.

Grand Total: 890 creatures vanquished

Notes
Turn   | Place    | Note
--------------------------------------------------------------
     0 | D:1      | JacquesDerrida, the Octopode Hunter, began the quest for the Orb.
     0 | D:1      | Reached XP level 1. HP: 14/14 MP: 0/0
   224 | D:1      | Reached XP level 2. HP: 16/19 MP: 1/1
   913 | D:2      | Reached XP level 3. HP: 18/24 MP: 2/2
  1061 | D:2      | Reached skill level 5 in Bows
  1920 | D:3      | Reached XP level 4. HP: 26/29 MP: 3/3
  2475 | D:3      | Reached skill level 6 in Bows
  2535 | D:3      | Reached XP level 5. HP: 31/34 MP: 4/4
  2780 | D:3      | Noticed Ijyb
  2793 | D:3      | Killed Ijyb
  3212 | D:4      | Reached skill level 7 in Bows
  3243 | D:4      | Reached XP level 6. HP: 39/39 MP: 5/5
  3425 | D:4      | Found an ancient bone altar of Kikubaaqudgha.
  3462 | D:4      | Noticed an ogre
  3489 | D:4      | Killed an ogre
  3706 | D:4      | Found a staircase to the Ecumenical Temple.
  3718 | Temple   | Entered the Ecumenical Temple
  3751 | Temple   | Became a worshipper of Warmaster Okawaru
  3864 | D:4      | Reached skill level 8 in Bows
  3896 | D:5      | Entered Level 5 of the Dungeon
  3941 | D:5      | Reached XP level 7. HP: 39/44 MP: 6/6
  4072 | D:5      | HP: 2/44 [sky beast (5)]
  4502 | D:6      | Reached skill level 9 in Bows
  4537 | D:6      | Acquired Okawaru's first power
  4577 | D:6      | Reached XP level 8. HP: 48/50 MP: 7/7
  4757 | D:6      | Reached skill level 10 in Bows
  5079 | D:6      | Found a glowing silver altar of Zin.
  5175 | D:6      | Reached skill level 11 in Bows
  5494 | D:6      | Reached XP level 9. HP: 46/54 MP: 8/8
  5901 | D:7      | Reached skill level 12 in Bows
  6383 | D:6      | Reached XP level 10. HP: 60/60 MP: 9/9
  6633 | D:7      | Found a basalt altar of Yredelemnul.
  6765 | D:7      | Reached skill level 13 in Bows
  6917 | D:7      | Noticed Sigmund
  6969 | D:7      | Killed Sigmund
  7200 | D:8      | Received a gift from Okawaru
  7600 | D:8      | Reached XP level 11. HP: 64/64 MP: 10/10
  7866 | D:9      | Found Laore's General Store.
  8039 | D:9      | Got a fine ring mail
  8040 | D:9      | Identified the +5 ring mail "Twutt" {rF+ SInv Curse} (You found it on level 9 of the Dungeon)
  8103 | D:9      | Found Fiyryf's Gadget Shoppe.
  8139 | D:9      | Reached skill level 14 in Bows
  8196 | D:9      | Noticed Grum
  8201 | D:9      | Killed Grum
  8263 | D:9      | Found Ozooxel's Armour Emporium.
  8343 | D:9      | Found Pooror's Antique Weapon Emporium.
  8539 | D:9      | Found Xustrah's Assorted Antiques.
  8635 | D:10     | Entered Level 10 of the Dungeon
  8856 | D:10     | Gained mutation: Your natural rate of healing is unusually fast. [potion of beneficial mutation]
  8881 | D:10     | Received a gift from Okawaru
  8972 | D:10     | Noticed Sonja
  8982 | D:10     | Killed Sonja
  9090 | D:10     | Found a staircase to the Orcish Mines.
  9286 | D:10     | HP: 1/64 [yak (6)]
  9336 | D:10     | Received a gift from Okawaru
  9422 | D:11     | Found a staircase to the Lair.
  9492 | Lair:1   | Entered Level 1 of the Lair of Beasts
  9616 | Lair:1   | Reached skill level 15 in Bows
  9817 | Lair:1   | Noticed Gastronok
  9820 | Lair:1   | Paralysed by a potion of paralysis for 4 turns
  9921 | Lair:1   | Killed Gastronok
  9921 | Lair:1   | Received a gift from Okawaru
 10040 | Lair:1   | Received a gift from Okawaru
 10672 | Lair:2   | Reached XP level 12. HP: 67/70 MP: 11/11
 11414 | Lair:3   | Received a gift from Okawaru
 11447 | Lair:3   | Reached skill level 16 in Bows
 11522 | Lair:3   | Found a basalt altar of Yredelemnul.
 11651 | Lair:3   | Noticed an eight-headed hydra
 11688 | Lair:3   | Killed an eight-headed hydra
 11801 | Lair:3   | Received a gift from Okawaru
 12360 | Lair:4   | Noticed a five-headed hydra
 12435 | Lair:4   | Found a staircase to the Snake Pit.
 12504 | Lair:5   | Noticed a four-headed hydra
 12516 | Lair:5   | Killed a four-headed hydra
 12516 | Lair:5   | Acquired Okawaru's second power
 12845 | Lair:5   | Noticed a six-headed hydra
 12857 | Lair:5   | Killed a six-headed hydra
 12891 | Lair:5   | Received a gift from Okawaru
 12891 | Lair:5   | Reached skill level 17 in Bows
 13171 | Lair:5   | Received a gift from Okawaru
 13334 | Lair:5   | Identified a scroll of acquirement
 13337 | Lair:5   | Got a steaming longbow
 13338 | Lair:5   | Identified the longbow "Innit" {flame, rF+ Stlth++} (You acquired it on level 5 of the Lair of Beasts)
 13524 | Lair:6   | Found a staircase to the Slime Pits.
 13612 | Lair:6   | Received a gift from Okawaru
 13615 | Lair:6   | Got a polished shield {god gift}
 13616 | Lair:6   | Identified the +0 shield of Okawaru's Envy {rElec rN+} (Okawaru gifted it to you on level 6 of the Lair of Beasts)
 13789 | Lair:6   | Found a staircase to the Shoals.
 13921 | Lair:6   | Noticed a four-headed hydra
 13952 | Lair:6   | HP: 1/70 [four-headed hydra (16)]
 14072 | Lair:6   | Reached XP level 13. HP: 74/74 MP: 12/12
 14162 | Lair:7   | Learned a level 2 spell: Shroud of Golubria
 14622 | Lair:7   | Reached skill level 1 in Spellcasting
 14622 | Lair:7   | Reached skill level 1 in Translocations
 14745 | Lair:8   | Entered Level 8 of the Lair of Beasts
 15715 | Lair:8   | Received a gift from Okawaru
 15839 | Lair:8   | Found a frozen archway.
 15854 | Lair:8   | Reached skill level 5 in Translocations
 15886 | IceCv    | Entered an ice cave
 15894 | IceCv    | Received a gift from Okawaru
 16030 | IceCv    | Got a brightly glowing quarterstaff
 16217 | IceCv    | Received a gift from Okawaru
 16275 | IceCv    | HP: 3/80 [polar bear (2)]
 16293 | IceCv    | Identified the +8,+9 quarterstaff "Hif Opsu" {drain, +Fly SInv Stlth++} (You found it in an ice cave)
 16411 | IceCv    | Reached skill level 5 in Fighting
 16415 | IceCv    | Received a gift from Okawaru
 16532 | IceCv    | Reached skill level 18 in Bows
 16533 | IceCv    | Received a gift from Okawaru
 16533 | IceCv    | Reached XP level 14. HP: 88/88 MP: 23/23
 16591 | IceCv    | Noticed a frost giant
 16610 | IceCv    | Killed a frost giant
 16627 | IceCv    | Got a fine lajatang
 16665 | IceCv    | Identified the lajatang of the Wheel {antimagic, rElec} (You took it off a frost giant in an ice cave)
 16862 | Lair:8   | Received a gift from Okawaru
 16983 | Lair:8   | Noticed a dire elephant
 16996 | Lair:8   | Killed a dire elephant
 17103 | Lair:8   | Upgraded the game from 0.13.0-19-g8e0b589 to 0.13.0-21-ge43020b
 17217 | Lair:6   | Killed a four-headed hydra
 17397 | D:11     | Found a shimmering altar of Xom.
 17569 | D:11     | Noticed a hill giant
 17575 | D:11     | Killed a hill giant
 17575 | D:11     | Reached skill level 19 in Bows
 17789 | D:11     | Received a gift from Okawaru
 18041 | Orc:1    | Entered Level 1 of the Orcish Mines
 18784 | Orc:1    | Found Preocs' Antique Armour Emporium.
 19223 | Orc:2    | Received a gift from Okawaru
 19226 | Orc:2    | Got a crystal bow {god gift}
 19228 | Orc:2    | Identified the +8,-1 bow of Equivalence {venom, Dex+3} (Okawaru gifted it to you on level 2 of the Orcish Mines)
 19779 | Orc:4    | Entered Level 4 of the Orcish Mines
 19784 | Orc:4    | Noticed Nessos
 19914 | Orc:2    | Reached skill level 1 in Charms
 20491 | Orc:4    | Found Iqaloag's General Store.
 20491 | Orc:4    | Noticed Erica
 20784 | D:12     | Found Ustuotia's Food Shop.
 20851 | D:12     | Reached skill level 5 in Spellcasting
 21565 | D:13     | Paralysed by a giant eyeball for 2 turns
 21838 | D:13     | Received a gift from Okawaru
 21922 | D:13     | Noticed Maurice
 21932 | D:13     | Killed Maurice
 22008 | D:13     | Reached XP level 15. HP: 65/93 MP: 27/27
 22275 | D:14     | Entered Level 14 of the Dungeon
 22275 | D:14     | Found a portal to a secret trove of treasure.
 22491 | D:14     | Reached skill level 5 in Charms
 22837 | D:15     | Entered Level 15 of the Dungeon
 23310 | D:15     | HP: 2/93 [something (10)]
 23310 | D:15     | Mangled by an unseen horror

Action                   |  1- 3 |  4- 6 |  7- 9 | 10-12 | 13-15 || total
-------------------------+-------+-------+-------+-------+-------++-------
Melee: Short sword       |    92 |    31 |       |       |       ||   123
       Dagger            |       |    27 |    73 |   152 |   203 ||   455
       Bow               |       |     2 |       |       |       ||     2
       Blowgun           |       |       |     2 |       |       ||     2
       Longbow           |       |       |       |       |     1 ||     1
 Fire: Bow               |     2 |    46 |   102 |   765 |       ||   915
       Blowgun           |       |       |     6 |     8 |       ||    14
       Longbow           |       |       |       |    44 |  1036 ||  1080
Invok: Heroism           |       |       |     1 |     5 |    18 ||    24
Evoke: Wand              |       |     1 |     2 |    11 |     9 ||    23
       Miscellaneous     |       |       |       |       |     1 ||     1
  Use: Potion            |       |     1 |     4 |    15 |     2 ||    22
       Scroll            |       |     1 |    20 |    18 |    12 ||    51
 Stab: Sleeping          |     4 |     3 |     5 |    11 |     2 ||    25
